Map: Ley Lines

Players

IWillCoachU (SpeCial) - Winner!

  • Race: Terran Terran
  • League: Grandmaster
  • Spawn Location: 1:00

Epic

  • Race: Terran Terran
  • League: Master
  • Spawn Location: 7:00

VOD

Have the link to the VOD?

Description

Time

  • Played on: July 12, 2025, 3:56 p.m.
  • Length: 13:29
Show
View Real Time Build Order
Export as new Build Order

IWillCoachU Terran - Winner!

Build Orders:  

Get SALT Encoding   

  12  0:00  SCV  
  13  0:12  SCV  
  14  0:17  Supply Depot  
  14  0:24  SCV  
  15  0:38  SCV  
  15  0:39  Barracks  
  16  0:43  Refinery  
  16  0:50  SCV  
  16  0:53  Refinery  
  17  1:02  SCV  
  18  1:15  SCV  
  19  1:27  Reaper, Orbital Command  
  19  1:30  Supply Depot  
  20  1:41  Factory  
  20  1:53  SCV  
  21  1:59  Reaper  
  22  2:05  SCV  
  23  2:17  Command Center  
  23  2:19  SCV  
  24  2:25  Hellion  
  26  2:33  Barracks Reactor  
  26  2:34  SCV  
  27  2:41  Starport  
  27  2:46  SCV  
  27  2:47  Widow Mine  
  30  2:51  Supply Depot  
  30  2:58  SCV  
  31  3:09  Factory Tech Lab  
  31  3:12  Marine x2  
  31  3:13  SCV  
  31  3:16  Refinery  
  31  3:19  Starport Tech Lab  
  34  3:25  SCV  
  35  3:28  Cyclone  
  35  3:30  Marine  
  39  3:35  Marine  
  39  3:36  Orbital Command  
  40  3:43  Raven  
  40  3:44  SCV  
  43  3:59  SCV  
  40  4:04  Command Center  
  40  4:07  SCV  
  41  4:11  SCV  
  41  4:14  Siege Tank  
  45  4:20  Marine x2  
  45  4:23  Raven  
  47  4:25  SCV x2  
  47  4:30  Supply Depot  
  49  4:41  Interference Matrix  
  49  4:43  SCV x2  
  49  4:55  SCV  
  49  4:56  Marine x2  
  49  4:57  Siege Tank  
  56  5:00  SCV  
  56  5:03  Supply Depot  
  56  5:04  Raven  
  59  5:07  SCV  
  59  5:12  SCV  
  60  5:14  Marine x2  
  60  5:17  Orbital Command  
  60  5:19  SCV  
  63  5:24  SCV  
  64  5:31  SCV, Siege Tank  
  68  5:36  SCV  
  68  5:37  Orbital Command  
  69  5:43  SCV  
  69  5:48  SCV  
  71  5:50  Supply Depot  
  71  5:51  Viking x2  
  71  5:52  Marine  
  71  5:53  Stimpack  
  71  5:55  SCV  
  77  6:00  SCV  
  78  6:09  SCV x2, Barracks  
  78  6:10  Barracks  
  80  6:18  Marine  
  81  6:19  Siege Tank  
  81  6:21  SCV x2  
  81  6:22  SCV  
  87  6:30  Supply Depot, Refinery  
  87  6:33  SCV  
  87  6:34  Viking x2  
  87  6:37  Marine  
  93  6:42  SCV  
  93  6:52  SCV  
  94  6:58  SCV x2  
  96  7:02  Barracks Reactor x2  
  96  7:03  Marine, Engineering Bay x2  
  96  7:04  SCV, Siege Tank  
  101  7:27  SCV x2  
  101  7:32  Sensor Tower  
  101  7:34  Terran Infantry Armor Level 1, Terran Infantry Weapons Level 1  
  101  7:35  Supply Depot x2  
  101  7:39  Missile Turret, Supply Depot  
  101  7:40  Missile Turret, Supply Depot  
  101  7:42  Viking x2, Barracks  
  101  7:43  Barracks  
  105  7:44  Marine x4, Combat Shield  
  105  7:50  Supply Depot  
  109  7:55  SCV  
  109  7:56  SCV x2  
  111  8:00  Marine  
  111  8:01  Siege Tank  
  111  8:02  Marine  
  116  8:07  SCV  
  116  8:08  SCV  
  105  8:15  SCV  
  105  8:17  Marine x2  
  105  8:19  SCV  
  97  8:20  SCV  
  90  8:27  SCV  
  90  8:28  Marine x2  
  90  8:31  SCV  
  90  8:32  Barracks Reactor x2  
  90  8:33  Siege Tank  
  90  8:34  SCV  
  92  8:40  SCV  
  92  8:43  SCV  
  92  8:46  SCV, Marine  
  95  8:51  Refinery  
  95  8:52  SCV  
  95  8:54  Marine x2, Sensor Tower  
  98  8:55  Marine, SCV  
  98  8:56  Supply Depot x2  
  98  8:58  SCV  
  101  9:04  SCV, Marine x2  
  101  9:07  SCV  
  101  9:08  Medivac  
  107  9:11  Medivac  
  107  9:12  SCV  
  110  9:19  Armory  
  110  9:22  Marine x3  
  113  9:25  Marine  
  113  9:26  Marine  
  113  9:31  Siege Tank  
  118  9:35  Supply Depot  
  118  9:39  SCV x3  
  118  9:41  Refinery  
  118  9:43  Marine  
  118  9:44  Marine x4, Refinery  
  126  9:46  Marine  
  126  9:58  Marine x3  
  126  10:00  Medivac  
  126  10:01  Marine, Medivac  
  126  10:02  Marine  
  126  10:03  Siege Tank  
  126  10:05  Marine x3  
  126  10:06  Marine  
  138  10:09  Terran Infantry Weapons Level 2  
  138  10:14  SCV x2  
  138  10:15  SCV  
  138  10:16  Marine x3  
  143  10:22  Terran Infantry Armor Level 2  
  143  10:23  Marine x5  
  143  10:24  Marine  
  149  10:33  Marine  
  149  10:34  Marine x2, Medivac x2  
  153  10:40  Marine  
  153  10:41  Marine x4  
  156  10:46  Marine  
  154  10:51  Marine x2  
  154  10:54  Command Center  
  157  10:58  Marine x2  
  157  11:00  Siege Tank  
  157  11:01  Factory  
  157  11:03  Marine x3  
  157  11:04  Marine, Medivac x2  
  164  11:09  Marine x2  
  164  11:10  Barracks Tech Lab  
  164  11:16  Marine x2  
  166  11:21  Marine  
  164  11:26  Marine x2  
  164  11:30  Marine  
  164  11:32  Siege Tank  
  170  11:34  Liberator  
  170  11:35  Liberator  
  156  11:41  Marine  
  156  11:44  Siege Tank  
  124  11:56  Marine x6  
  124  11:57  Marine x2  
  124  11:59  Marine  
  132  12:04  Siege Tank  
  135  12:14  Marine x8  
  143  12:16  Marine, Siege Tank  
  143  12:22  Medivac x2  
  148  12:32  Marine x7  
  148  12:35  Marine x2  
  155  12:40  Siege Tank  
  152  12:49  Marine  
  152  12:50  Marine  
  137  12:56  Marine  
  137  12:57  Siege Tank  
  138  12:58  Marine  
  138  13:02  Marine x2  
  138  13:04  Marine x2  
  138  13:05  Marine  
  144  13:07  Marine  
  144  13:08  Marine  
  146  13:13  SCV x2  
  146  13:16  Command Center  
Show
View Real Time Build Order
Export as new Build Order

Epic Terran 

Build Orders:  

Get SALT Encoding   

  12  0:00  SCV  
  13  0:12  SCV  
  14  0:17  Supply Depot  
  14  0:24  SCV  
  15  0:38  SCV  
  15  0:41  Barracks  
  16  0:42  Refinery  
  16  0:50  SCV  
  16  0:53  Refinery  
  17  1:02  SCV  
  18  1:15  SCV  
  19  1:28  Orbital Command, Reaper  
  19  1:30  Supply Depot  
  20  1:40  Factory  
  20  1:53  SCV  
  21  2:00  Reaper  
  22  2:05  SCV  
  23  2:14  Command Center  
  23  2:17  SCV  
  24  2:26  Hellion  
  24  2:29  SCV  
  27  2:36  Starport  
  27  2:39  Barracks Reactor  
  27  2:42  SCV  
  27  2:47  Factory Tech Lab  
  27  2:50  Supply Depot  
  27  2:55  SCV  
  28  3:06  Cyclone  
  28  3:12  SCV  
  32  3:15  Marine x2  
  32  3:17  Medivac  
  36  3:24  SCV  
  37  3:27  Orbital Command  
  37  3:33  Marine x2  
  39  3:36  SCV  
  39  3:41  Cyclone  
  43  3:50  Starport Tech Lab  
  42  3:58  Marine x2  
  42  4:01  SCV x2  
  46  4:03  Supply Depot  
  46  4:06  Refinery  
  46  4:08  Raven  
  48  4:13  SCV x2  
  48  4:16  Marine x2  
  49  4:25  SCV x2  
  48  4:40  SCV x2  
  49  4:48  Barracks x2  
  49  4:49  Starport Reactor  
  49  4:52  Stimpack  
  49  4:55  SCV x2, Siege Tank  
  51  5:01  Supply Depot, Engineering Bay  
  51  5:02  Marine  
  52  5:07  SCV x2  
  54  5:16  Supply Depot  
  54  5:19  SCV  
  54  5:20  SCV, Marine  
  57  5:27  Siege Tank  
  57  5:30  Terran Infantry Weapons Level 1  
  57  5:32  SCV x2  
  57  5:34  Supply Depot  
  57  5:35  Marine x2  
  59  5:38  Marine  
  59  5:39  Starport Reactor  
  62  5:43  Marine x2  
  62  5:47  SCV x2  
  66  5:53  Marine x2  
  68  5:59  Supply Depot  
  68  6:00  SCV x2  
  68  6:01  Marine x3, Siege Tank  
  76  6:11  Marine x2  
  77  6:18  Marine x2  
  77  6:19  Marine, Medivac x2  
  77  6:21  Supply Depot  
  77  6:24  SCV x2  
  86  6:30  Marine x2, Supply Depot x2  
  88  6:36  Marine x3, Combat Shield  
  91  6:42  Siege Tank  
  91  6:49  Marine x2  
  91  6:52  Medivac  
  95  6:54  Marine x3  
  95  6:57  Supply Depot  
  98  7:04  Medivac  
  98  7:06  Marine  
  98  7:07  Marine  
  102  7:12  Marine x3  
  104  7:18  SCV x2  
  102  7:24  Marine x2  
  103  7:30  Marine, SCV x2  
  103  7:32  Medivac  
  103  7:36  Command Center  
  108  7:40  Siege Tank  
  111  7:44  Supply Depot  
  111  7:47  Supply Depot  
  111  7:53  Medivac  
  113  8:01  Marine x3  
  113  8:02  Marine x2  
  118  8:15  Siege Tank  
  100  8:21  Marine x5  
  72  8:27  Medivac x2  
  89  8:29  SCV x2  
  89  8:33  Barracks  
  89  8:34  Barracks  
  91  8:38  Terran Infantry Armor Level 1  
  86  8:42  Marine x5  
  91  8:50  Orbital Command  
  91  8:52  SCV x2  
  91  8:54  Refinery  
  90  8:56  Siege Tank  
  93  9:04  Marine x2  
  93  9:05  Marine x3  
  95  9:10  SCV x2  
  95  9:16  Medivac x2  
  101  9:18  SCV  
  101  9:22  SCV  
  103  9:26  Marine x3  
  103  9:27  Marine x2  
  103  9:29  Siege Tank  
  111  9:36  Barracks Reactor x2  
  111  9:38  SCV x3  
  112  9:46  Marine x3  
  112  9:47  Marine x2  
  112  9:52  Supply Depot  
  117  9:53  Armory  
  117  9:55  Engineering Bay  
  117  9:56  SCV x2  
  117  9:57  SCV  
  117  9:58  Medivac  
  122  10:00  Medivac  
  124  10:07  Refinery  
  124  10:08  SCV, Supply Depot, Refinery  
  124  10:09  SCV x2  
  124  10:11  Marine x5  
  124  10:12  Marine  
  133  10:18  Siege Tank  
  136  10:24  Marine x2  
  136  10:25  Marine  
  139  10:29  Marine x5  
  139  10:31  Marine  
  141  10:41  Marine  
  141  10:42  Marine, Terran Infantry Weapons Level 2  
  132  10:43  Marine  
  132  10:46  SCV x3, Marine  
  132  10:47  Marine x3  
  140  10:51  Marine, Terran Infantry Armor Level 2  
  140  10:52  Marine  
  142  10:58  Viking  
  142  10:59  Missile Turret, Marine x2  
  146  11:09  Siege Tank, Liberator  
  152  11:17  Marine x8  
  152  11:18  Marine  
  155  11:35  Marine x3  
  155  11:39  Marine x2  
  124  11:40  Marine x4  
  124  11:46  Siege Tank  
  120  11:53  Marine x3  
  112  11:55  Medivac  
  112  11:56  Medivac  
  112  11:57  Marine x5  
  121  12:02  Command Center  
  121  12:05  Marine  
  122  12:11  Marine x3  
  122  12:15  Marine x5  
  126  12:18  Siege Tank  
  126  12:22  Marine  
  133  12:25  Medivac  
  133  12:26  Medivac  
  133  12:28  Marine  
  133  12:29  Marine x2  
  141  12:33  Marine x5  
  146  12:40  Marine  
  143  12:46  Marine  
  112  12:55  Marine x5  
  112  12:56  Siege Tank  
  113  13:03  SCV x3  
  113  13:05  Marine  
  113  13:06  Marine x3  
Tags
 
Matchup
TvT
Race
Terran
Spawn Locations
Cross Positions
Add a new tag
Caveats
  • Supply blocks, unpowered buildings, or Contaminate may cause inaccurate times.
  • Supply counts are checked every 10 seconds.